[Event "AUT Bundesliga 2022-23"]
[Site "Jenbach"]
[Date "2022.11.04"]
[Round "2.33"]
[White "Hess, Max"]
[Black "Leitner, Gerald"]
[Result "1-0"]
[ECO "B72"]
[WhiteElo "2361"]
[BlackElo "2167"]
[Annotator "TA"]
[PlyCount "87"]
[EventDate "2022.11.03"]
[EventType "team-tourn"]
[EventCountry "AUT"]
[SourceTitle "playchess.com"]
[Source "ChessBase"]
[SourceQuality "1"]
[TimeControl "40/5400+30:1800+30"]

1. e4 c5 2. Nf3 g6 3. d4 cxd4 4. Nxd4 Nf6 5. Nc3 d6 6. Be3 Bg7 7. Be2 O-O 8. Qd2 Nc6 9. O-O-O Nxd4 10. Bxd4 Be6 11. Kb1 Qa5 {[%emt 0:10:04][%cal Of6e4] [#] White must now prevent ...Nxe4!} 12. Bf3 {[%emt 0:16:19][%cal Oc3d5] B72: Sicilian Dragon: 6 Be3, lines with h3+Bc4 and sidelines.} Rfc8 13. Nd5 (13. Rhe1 {is interesting.} b5 14. a3 b4 15. axb4 Qxb4 16. Nd5) 13... Qxd2 14. Rxd2 {[%emt 0:00:11] The position is equal.} Bxd5 15. exd5 {[%emt 0:00:06] [#]} b5 $146 ({Predecessor:} 15... Nd7 16. Re1 Bxd4 17. Rxd4 Kf8 18. h4 h5 19. Be2 Rc5 20. f4 Rac8 21. c4 R5c7 {½-½ (107) Lopez,J (2028)-Harper,R (2262) Nassau 2010}) 16. Re1 Rc7 17. Rde2 Kf8 18. Re3 b4 19. a3 Rc4 20. Rd1 Rac8 21. axb4 Rxc2 (21... Rxb4 $11 22. g3 (22. Bxa7 Nxd5 23. Rb3 Ra4 $11) 22... Rcb8) 22. Rc3 $14 R2xc3 23. bxc3 Nd7 24. Bxg7+ Kxg7 {[%emt 0:00:01][%mdl 4096] Endgame KRB-KRN} 25. Kb2 Nb6 26. Kb3 f5 27. Be2 Kf6 28. Bb5 g5 29. c4 h5 30. Re1 h4 {[%emt 0:00:15] [#]} 31. Bc6 $1 Rc7 32. c5 {[%emt 0:00:47] White is more active.} dxc5 33. bxc5 Nc8 {[%emt 0:04:05] Loses the game.} (33... Nxd5 $16 34. Bxd5 Rxc5) 34. Kc4 $18 a6 35. Ra1 Ra7 36. Rb1 {[%emt 0:01:36] Rb8 is the strong threat.} Rc7 $2 (36... a5 37. Bb7 Nd6+ 38. cxd6 exd6) 37. Rb7 Rxb7 38. Bxb7 {[%emt 0:00:04] KB-KN} Na7 39. Bxa6 Ke5 40. Bb7 g4 41. h3 gxh3 42. gxh3 {[%emt 0:00:05] White mates.} f4 43. f3 Kf6 44. c6 {[%emt 0:00:00] Weighted Error Value: White=0.06 (flawless) /Black=0.39} 1-0

[Event "AUT Bundesliga 2022-23"]
[Site "Jenbach"]
[Date "2022.11.04"]
[Round "2.34"]
[White "Devine, Christopher"]
[Black "Brunello, Marina"]
[Result "0-1"]
[ECO "D79"]
[WhiteElo "2098"]
[BlackElo "2343"]
[Annotator "TA"]
[PlyCount "64"]
[EventDate "2022.11.03"]
[EventType "team-tourn"]
[EventCountry "AUT"]
[SourceTitle "playchess.com"]
[Source "ChessBase"]
[SourceQuality "1"]
[TimeControl "40/5400+30:1800+30"]

1. d4 d5 2. Nf3 Nf6 3. c4 c6 4. g3 g6 5. Bg2 Bg7 6. O-O O-O 7. cxd5 cxd5 8. Nc3 Nc6 {[%emt 0:01:34] 8...Ne4 might become the main line.} 9. Bf4 a6 (9... Ne4 $11) 10. Ne5 $14 {[%emt 0:01:09] D79: Fianchetto Grünfeld: Symmetrical Variation (6 0-0 c6 7 cxd5 cxd5).} Bf5 11. Nxc6 bxc6 12. Rc1 {[%emt 0:03:30] White is slightly better.} Rc8 13. Na4 Nd7 {[%emt 0:00:37] [#]} 14. b4 $146 (14. b3 $14) ({Predecessor:} 14. b3 Re8 15. Qd2 e5 16. dxe5 Bxe5 17. Bxe5 Rxe5 18. e3 Qe7 19. Qe2 d4 20. Qxa6 {½-½ (26) Romanishin,O (2528)-Dimitrov,P (2448) Bled 2008}) 14... a5 $11 15. Qd2 e5 16. Bxe5 (16. Bg5 {keeps more tension.} f6 17. Be3 axb4 18. Qxb4 Rf7 19. Qc3) 16... Nxe5 17. dxe5 axb4 ({Much less strong is} 17... Bxe5 18. bxa5 Qf6 19. Rfd1 $14) 18. Qxb4 Bxe5 19. Rfd1 {[%emt 0:09:15] [#]} Qf6 $1 20. e4 Bg4 {[%emt 0:07:25] This bishop pair is nice.} 21. Rd2 Bf3 (21... Rb8 $15 22. Qc5 dxe4) 22. Nc5 ({White should try} 22. Bxf3 $14 Qxf3 23. Nb6) 22... Rfd8 23. Bxf3 Qxf3 24. Rd3 Qg4 25. Kg2 Bd6 26. f3 Qg5 27. Rcd1 {[%emt 0:03:35][%mdl 8192] [#] White does not recover from this.} (27. Qc3 $11) 27... Qe7 $19 28. Rc1 dxe4 29. fxe4 (29. Re3 Qg5 30. f4) 29... Rb8 {[%emt 0:00:14] Black is clearly winning.} 30. Qc3 Bxc5 31. Rxd8+ Rxd8 32. Qxc5 Qxe4+ {[%emt 0:00:15] Weighted Error Value: White=0.76/Black=0.11 (very precise)} 0-1

[Event "AUT Bundesliga 2022-23"]
[Site "Jenbach"]
[Date "2022.11.04"]
[Round "2.35"]
[White "Ciolek, Andreas"]
[Black "Kersten, Julian"]
[Result "1-0"]
[ECO "D02"]
[WhiteElo "2301"]
[BlackElo "1999"]
[Annotator "TA"]
[PlyCount "47"]
[EventDate "2022.11.03"]
[EventType "team-tourn"]
[EventCountry "AUT"]
[SourceTitle "playchess.com"]
[Source "ChessBase"]
[SourceQuality "1"]
[TimeControl "40/5400+30:1800+30"]

1. d4 d5 2. Nf3 c5 3. c4 e6 4. cxd5 exd5 5. g3 Nc6 6. Bg2 c4 7. O-O Bb4 8. b3 cxb3 9. Qxb3 Nge7 10. Nc3 {[%emt 0:01:42] D30: Queen's Gambit Declined: Systems without Nc3.} O-O 11. Bf4 {[%emt 0:05:12] [#]} a6 $146 ({Black should play} 11... Bg4 $11) ({Predecessor:} 11... Be6 12. Rfd1 Rc8 13. Nb5 Qb6 14. Nd6 Rcd8 15. Nxb7 Qxb7 16. a3 a5 17. axb4 axb4 {0-1 (36) Dokutchaev,A (2415)-Zhukova,N (2225) St Petersburg 1994}) 12. Rfd1 {[%emt 0:01:59] White is slightly better.} (12. Ne5 $5 ) 12... Re8 13. Ne5 Bxc3 14. Qxc3 f6 {[%emt 0:10:49] [#]} (14... Be6 $14 {feels stronger.}) 15. Nxc6 $1 $16 {[%emt 0:04:21] White is much more active. The black rooks are badly placed.} Nxc6 16. Qb3 Rxe2 (16... Kh8 $16 {might work better.}) 17. Bxd5+ $18 Kh8 18. Bf3 {[%emt 0:01:15] A strong pair of Bishops.} Re8 19. d5 Ne5 20. Bxe5 Rxe5 (20... fxe5 $16 {was necessary.} 21. Be4 Qd6) 21. d6 $36 {[%emt 0:00:51][%mdl 2048] [#] And now d7 would win. Keeping Black busy.} Rb5 (21... Rb8 $16 22. Qf7 Be6) 22. Qf7 Bd7 23. Rac1 {[%emt 0:01:15] Rc7 is the strong threat.} Rc8 {[%emt 0:00:38] Inhibits Rc7.} (23... Qe8 24. Qe7 Re5 25. Qxe8+ Raxe8 26. Bxb7 g5 27. Bxa6 Ra5) 24. Rc7 {[%emt 0:00:30] Weighted Error Value: White=0.13 (very precise) /Black=0.35} 1-0

[Event "AUT Bundesliga 2022-23"]
[Site "Jenbach"]
[Date "2022.11.04"]
[Round "2.36"]
[White "Goetz, Christoph"]
[Black "Kruckenhauser, Arthur"]
[Result "0-1"]
[ECO "B23"]
[WhiteElo "1867"]
[BlackElo "2327"]
[Annotator "TA"]
[PlyCount "90"]
[EventDate "2022.11.03"]
[EventType "team-tourn"]
[EventCountry "AUT"]
[SourceTitle "playchess.com"]
[Source "ChessBase"]
[SourceQuality "1"]
[TimeControl "40/5400+30:1800+30"]

1. e4 c5 2. Nc3 a6 3. f4 b5 4. d3 e6 5. g3 Bb7 6. Bg2 d5 7. exd5 {[%emt 0:06:24] [#] Hoping for Qe2. 7.f5 is becoming the main line. B23: Closed Sicilian: Lines without g3.} (7. f5 $5 ) 7... Nf6 8. Qe2 Nxd5 9. Nxd5 {[%emt 0:02:39] The position is equal.} Bxd5 10. Bxd5 Qxd5 11. Qe4 Nc6 12. Qxd5 exd5 13. Bd2 g6 14. Bc3 Rg8 (14... d4 $5 15. Bd2 $8 Bg7 $11) 15. Nf3 O-O-O 16. Ng5 d4 17. Bd2 f6 18. Ne4 ({But not} 18. Nxh7 Be7 19. f5 Rg7 20. fxg6 Rxg6 $17) 18... Be7 19. a4 Kb7 20. Kf2 f5 21. Ng5 Bxg5 22. fxg5 Ne7 23. h4 Nd5 (23... Rde8 $11) 24. h5 Rd7 (24... bxa4 $11 {remains equal.} 25. hxg6 hxg6) 25. axb5 $16 axb5 26. Ra5 Re7 27. Rxb5+ (27. Rha1 $16 {Strongly threatening Ra7+.} Kc6 28. Ra6+ Nb6 29. Ba5) 27... Kc6 $11 28. Ra5 Rge8 $36 {[%emt 0:00:19][%mdl 2048] Threatens to win with ...Re2+. Black has some pressure.} 29. Re1 {[%emt 0:01:17] Prevents Re2+.} Rxe1 30. Bxe1 {[%emt 0:00:07][%mdl 4096] Endgame KRB-KRN} Kb6 {[%emt 0:05:22][%cal Oe8e1] White must now prevent ...Rxe1!} 31. b4 Nxb4 32. Bxb4 cxb4 {[%emt 0:00:01] KR-KR} 33. Rd5 Rc8 34. Rxd4 ({Much worse is} 34. Rd6+ Kb5 35. Rd5+ Rc5 36. Rxc5+ Kxc5 $17) 34... Rxc2+ 35. Ke3 Kb5 (35... gxh5 $2 36. Rxb4+ Ka6 37. Rh4 $16) 36. Rd7 Kc6 37. Rd8 b3 {[%emt 0:02:21] ...b2 is the strong threat.} 38. Rc8+ Kd5 39. Rxc2 (39. Rd8+ $11 Kc5 40. hxg6) 39... bxc2 {[%emt 0:00:02] Black mates.} 40. Kd2 gxh5 41. Kxc2 {[%emt 0:00:18] [#]} f4 $1 42. gxf4 {[%emt 0:00:23] K3P-KPP} h4 43. f5 h3 44. g6 hxg6 45. fxg6 {[%emt 0:00:17] [#]} Ke5 $146 {[%mdl 32768] Weighted Error Value: White=0.23 (precise) /Black=0.07 (flawless) . Sensor Board Error (Ke4/e5)?} ({Not} 45... h2 46. g7 h1=Q 47. g8=Q+ Kd6 48. Qf8+ Kd7 49. Qf7+ Kd6 50. Qg6+ Kc5 51. Qg4 $14) (45... Ke6 {mates} 46. Kc3 Kf6 47. Kd4 Kxg6 48. Ke4 h2 49. Ke5 h1=Q 50. d4 Qf3 51. Ke6 Qe4+ 52. Kd7 Kf6 53. Kd6 Qxd4+ 54. Kc6 Ke6 55. Kc7 Qd5 56. Kc8 Kd6 57. Kb8 Kc6 58. Ka8 Kc7+ 59. Ka7 Qb7#) ({Predecessor:} 45... Ke6) 0-1

[Event "AUT Bundesliga 2022-23"]
[Site "Jenbach"]
[Date "2022.11.05"]
[Round "3.1"]
[White "Baumegger, Siegfried"]
[Black "Idani, Pouya"]
[Result "0-1"]
[ECO "B14"]
[WhiteElo "2441"]
[BlackElo "2623"]
[Annotator "ChessBase"]
[PlyCount "56"]
[EventDate "2022.11.03"]
[EventType "team-tourn"]
[EventCountry "AUT"]
[SourceTitle "playchess.com"]
[Source "ChessBase"]
[SourceQuality "1"]
[TimeControl "40/5400+30:1800+30"]

1. e4 c6 2. d4 d5 3. exd5 cxd5 4. c4 Nf6 5. Nc3 g6 6. cxd5 Bg7 7. Bc4 O-O 8. Nge2 Na6 9. Bg5 Nc7 10. Bxf6 Bxf6 11. O-O Ne8 12. Bb3 Nd6 13. Re1 b5 14. Ng3 Qb6 15. Qd2 a5 16. a3 a4 17. Ba2 Qxd4 18. Qxd4 Bxd4 19. Rxe7 b4 20. axb4 a3 21. Bb3 Bg4 22. Ree1 axb2 23. Rxa8 Rxa8 24. Nb1 Rc8 25. Kf1 Rb8 26. Ne4 Nxe4 27. Rxe4 Bf5 28. Rxd4 Bxb1 0-1

[Event "AUT Bundesliga 2022-23"]
[Site "Jenbach"]
[Date "2022.11.05"]
[Round "3.2"]
[White "Janzelj, Tim"]
[Black "Sadilek, Peter"]
[Result "1-0"]
[ECO "E11"]
[WhiteElo "2456"]
[BlackElo "2319"]
[Annotator "ChessBase"]
[PlyCount "139"]
[EventDate "2022.11.03"]
[EventType "team-tourn"]
[EventCountry "AUT"]
[SourceTitle "playchess.com"]
[Source "ChessBase"]
[SourceQuality "1"]
[TimeControl "40/5400+30:1800+30"]

1. d4 Nf6 2. c4 e6 3. Nf3 Bb4+ 4. Bd2 a5 5. a3 Bxd2+ 6. Qxd2 d6 7. Nc3 Qe7 8. g3 Nbd7 9. Bg2 Nb6 10. Qc2 O-O 11. Nd2 e5 12. dxe5 Qxe5 13. O-O c6 14. Qb3 Ra6 15. Rac1 Be6 16. a4 Nbd7 17. Qd1 Rb6 18. b3 Nc5 19. h3 Rd8 20. Nf3 Qh5 21. g4 Qg6 22. Rb1 Ne8 23. Nd4 h5 24. f4 Bc8 25. g5 f6 26. Qd2 fxg5 27. fxg5 Nc7 28. h4 Bg4 29. e4 Qe8 30. Qc2 Qe5 31. Qd2 N7e6 32. Nf5 Bxf5 33. exf5 Qd4+ 34. Qxd4 Nxd4 35. f6 gxf6 36. Rxf6 Rxb3 37. Rxb3 Ndxb3 38. Bf3 Re8 39. Bxh5 Re3 40. Ne2 Ne4 41. Re6 Nbc5 42. Re8+ Kh7 43. Nd4 Re1+ 44. Kh2 Rf1 45. Re7+ Kg8 46. Bg6 Kf8 47. Re8+ Kg7 48. Bxe4 Kf7 49. Rb8 Nxe4 50. Rxb7+ Kg6 51. Nxc6 Rf2+ 52. Kh3 Ra2 53. Kg4 Nf2+ 54. Kf3 Nd3 55. Ne7+ Kh5 56. g6 Ne5+ 57. Ke4 Nxg6 58. Rb5+ Ne5 59. Rxa5 Kxh4 60. Nf5+ Kg4 61. Nxd6 Re2+ 62. Kd5 Kf4 63. Ra8 Rd2+ 64. Ke6 Nc6 65. a5 Ra2 66. a6 Re2+ 67. Kd7 Ne5+ 68. Kc7 Ng6 69. a7 Re7+ 70. Kb6 1-0

[Event "AUT Bundesliga 2022-23"]
[Site "Jenbach"]
[Date "2022.11.05"]
[Round "3.3"]
[White "Sadilek, Maximilian"]
[Black "Sebenik, Matej"]
[Result "0-1"]
[ECO "B30"]
[WhiteElo "2260"]
[BlackElo "2518"]
[Annotator "ChessBase"]
[PlyCount "64"]
[EventDate "2022.11.03"]
[EventType "team-tourn"]
[EventCountry "AUT"]
[SourceTitle "playchess.com"]
[Source "ChessBase"]
[SourceQuality "1"]
[TimeControl "40/5400+30:1800+30"]

1. e4 c5 2. Nf3 Nc6 3. Nc3 e5 4. Bc4 Be7 5. d3 d6 6. O-O Nf6 7. Ng5 O-O 8. f4 a6 9. f5 b5 10. Bb3 Nd4 11. Bxf7+ Rxf7 12. Nxf7 Kxf7 13. g4 h6 14. h4 b4 15. g5 bxc3 16. gxf6 Bxf6 17. bxc3 Nc6 18. Kh2 Rb8 19. Rg1 Ke7 20. Qh5 Qe8 21. Rg6 Kd8 22. Bxh6 gxh6 23. Qxh6 Be7 24. Rag1 Kc7 25. f6 Bf8 26. Qh7+ Bd7 27. f7 Qe7 28. R1g2 Nd8 29. Rf2 Ne6 30. Rg8 Nf4 31. d4 Qe6 32. dxe5 Qh3+ 0-1

[Event "AUT Bundesliga 2022-23"]
[Site "Jenbach"]
[Date "2022.11.05"]
[Round "3.4"]
[White "Diermair, Andreas"]
[Black "Leitner, Gerald"]
[Result "1-0"]
[ECO "A06"]
[WhiteElo "2455"]
[BlackElo "2167"]
[Annotator "ChessBase"]
[PlyCount "61"]
[EventDate "2022.11.03"]
[EventType "team-tourn"]
[EventCountry "AUT"]
[SourceTitle "playchess.com"]
[Source "ChessBase"]
[SourceQuality "1"]
[TimeControl "40/5400+30:1800+30"]

1. Nf3 d5 2. c4 c6 3. e3 Nf6 4. Nc3 g6 5. d4 Bg7 6. Be2 O-O 7. O-O Nbd7 8. a4 dxc4 9. Bxc4 Nb6 10. Bb3 Nbd5 11. a5 Qc7 12. Qc2 Nxc3 13. bxc3 Bf5 14. Qe2 c5 15. Bb2 Rac8 16. Ne5 Ne4 17. g4 Bxe5 18. dxe5 Bd7 19. c4 f5 20. exf6 Nxf6 21. f3 Bc6 22. Qd2 Rcd8 23. Qc3 h6 24. Bc2 g5 25. Rae1 b6 26. a6 Kf7 27. e4 Rd4 28. e5 Ne8 29. Qe3 Rxc4 30. Qd3 Rxc2 31. e6+ 1-0

[Event "AUT Bundesliga 2022-23"]
[Site "Jenbach"]
[Date "2022.11.05"]
[Round "3.5"]
[White "Kersten, Julian"]
[Black "Schreiner, Peter"]
[Result "0-1"]
[ECO "B29"]
[WhiteElo "1999"]
[BlackElo "2404"]
[Annotator "TA"]
[PlyCount "72"]
[EventDate "2022.11.03"]
[EventType "team-tourn"]
[EventCountry "AUT"]
[SourceTitle "playchess.com"]
[Source "ChessBase"]
[SourceQuality "1"]
[TimeControl "40/5400+30:1800+30"]

1. e4 c5 2. Nf3 Nf6 3. Nc3 d5 4. exd5 Nxd5 5. Bc4 Nb6 6. Be2 {[%emt 0:02:53] B29: Sicilian: 2 Nf3 Nf6 (Nimzowitsch Variation).} Nc6 {[%emt 0:00:56] Inhibits d4.} 7. O-O e6 {[%emt 0:10:02] [#]} 8. Bb5 $146 {[%emt 0:15:19] The position is equal.} ({Predecessor:} 8. d3 Be7 9. Be3 O-O 10. d4 cxd4 11. Nxd4 e5 12. Nxc6 bxc6 13. Bf3 Qc7 14. Nb5 cxb5 15. Bxb6 Qxb6 16. Bxa8 {1-0 (33) Saksham,R (2480)-Le,T (2514) Chess.com INT 2021}) 8... Bd7 $1 9. d4 a6 10. dxc5 Bxc5 11. Ne4 {[%emt 0:02:59] And now Bxc6 would win.} Be7 12. Be2 Qc7 {[%emt 0:07:00] Prevents Nd6+.} 13. c4 O-O 14. b3 Rad8 15. Bb2 e5 16. a3 Bf5 17. Qc2 Bg6 18. Rad1 (18. Rfe1 $11 {keeps the balance.}) 18... h6 (18... Nd7 $1 $17 {[%cal Rd7c5] Hoping for ...Nc5.} 19. b4 a5) 19. b4 Kh7 ({Black should play} 19... Nd7 $1 $15) 20. b5 Nd4 21. Nxd4 exd4 22. bxa6 Qf4 (22... Qc6 $11 23. Bd3 bxa6) 23. Rxd4 $14 Rxd4 {[%emt 0:08:21][%mdl 64] Remove Defender} 24. Bxd4 Nd7 {[%emt 0:00:52] [#]} 25. Bf3 ({Much worse is} 25. axb7 $6 Bxe4 26. Bd3 Bg6 $15) ({Better is} 25. Bd3 $1 $16 bxa6 26. g3) 25... Bd6 $11 26. Re1 Qxh2+ 27. Kf1 bxa6 $40 {[%emt 0:00:29][%mdl 128] Black attacks.} 28. Qa4 (28. Qd1 $5 ) 28... Ne5 29. Bxe5 Bxe5 30. g3 $2 {[%emt 0:00:32][%mdl 8192] [#] White does not recover from this.} (30. Qa5 $15) 30... f5 $1 $19 31. Ng5+ (31. Qb4 $142 Rb8 32. Nf6+ Kh8 33. Rd1 gxf6 34. Qe7) 31... hxg5 32. Rxe5 g4 (32... f4 $142 33. g4 Bd3+ 34. Ke1 Rb8) 33. Bd5 (33. c5 $142 Rb8 34. Re1 gxf3 35. Qh4+ Qxh4 36. gxh4) 33... f4 34. gxf4 Qxf4 (34... g3 $142 35. fxg3 Qxg3 36. c5 Rxf4+ 37. Qxf4 Qxf4+ 38. Kg2 Qxe5 39. Ba8 Qxc5 40. a4 Qc8 41. Bf3 Bf5 42. Bh5 Be4+ 43. Kf2 Qc5+ 44. Ke2 Qxh5+ 45. Ke3 Qd5 46. Kf4 g5+ 47. Ke3 Qd3+ 48. Kf2 Qd2+ 49. Kf1 a5 50. Kg1 Qg2#) 35. Re2 Bd3 36. Be4+ Qxe4 {[%emt 0:00:29] Weighted Error Value: White=1.00/Black=0.55} 0-1

[Event "AUT Bundesliga 2022-23"]
[Site "Jenbach"]
[Date "2022.11.05"]
[Round "3.6"]
[White "Hoefelsauer, Thomas"]
[Black "Goetz, Christoph"]
[Result "1-0"]
[ECO "A90"]
[WhiteElo "2349"]
[BlackElo "1867"]
[Annotator "TA"]
[PlyCount "49"]
[EventDate "2022.11.03"]
[EventType "team-tourn"]
[EventCountry "AUT"]
[SourceTitle "playchess.com"]
[Source "ChessBase"]
[SourceQuality "1"]
[TimeControl "40/5400+30:1800+30"]

1. d4 f5 2. g3 Nf6 3. Bg2 e6 4. c4 Bb4+ 5. Bd2 Bxd2+ 6. Qxd2 {[%emt 0:00:07] A90: Dutch Defence: Miscellaneous and Modern Stonewall (with ...Bd6).} d6 7. Nc3 Nbd7 8. Nf3 {[%emt 0:00:23][%cal Bg1f3,Bf3g5,Bg5e4][%mdl 32] White is slightly better.} O-O 9. O-O Qe7 {[%emt 0:06:26] [#]} 10. Qd3 $146 ({Predecessor:} 10. Qc2 c6 11. e4 fxe4 12. Nxe4 Nxe4 13. Qxe4 Nf6 14. Qe2 h6 15. Rfe1 Bd7 16. Rad1 Rae8 17. Nh4 {½-½ (126) Vestby Ellingsen,M (2340)-Leszko,B (2321) Chess.com INT 2021}) 10... e5 ({Black should try} 10... Rb8 $14) 11. Qxf5 $16 Nb6 12. Qc2 {[%emt 0:02:23] White is more active.} e4 13. Ng5 e3 14. f4 h6 15. Nge4 Bf5 16. c5 Kh8 17. cxb6 cxb6 (17... d5 {was worth a try.} 18. Qc1 dxe4 19. bxc7 (19. Qxe3 axb6 20. h3 h5 $16) 19... Qxc7) 18. g4 $18 Nxg4 19. Qc1 d5 20. h3 ({Weaker is} 20. Nxd5 Qh4 21. h3 Bxe4 22. Nxe3 (22. hxg4 $2 Bxg2 23. Qxe3 Qxg4 $19) 22... Rac8 $15) 20... h5 $2 (20... dxe4 21. hxg4 Bxg4 22. Qxe3 Rae8) 21. hxg4 hxg4 22. Ng5 Rae8 23. Qe1 {[%emt 0:01:20] [#] Black must now prevent Qh4+.} Qb4 24. Qh4+ Kg8 25. Bxd5+ {[%emt 0:00:10] White took control after the opening.  Weighted Error Value: White=0.23 (precise) /Black=0.66} 1-0

[Event "AUT Bundesliga 2022-23"]
[Site "Jenbach"]
[Date "2022.11.05"]
[Round "3.7"]
[White "Haba, Petr"]
[Black "Baldauf, Marco"]
[Result "1/2-1/2"]
[ECO "A50"]
[WhiteElo "2454"]
[BlackElo "2501"]
[Annotator "ChessBase"]
[PlyCount "83"]
[EventDate "2022.11.03"]
[EventType "team-tourn"]
[EventCountry "AUT"]
[SourceTitle "playchess.com"]
[Source "ChessBase"]
[SourceQuality "1"]
[TimeControl "40/5400+30:1800+30"]

1. d4 Nf6 2. c4 g6 3. f3 e6 4. e4 c5 5. d5 d6 6. Nc3 exd5 7. cxd5 Bg7 8. Nge2 O-O 9. Ng3 a6 10. a4 Nbd7 11. Be2 Rb8 12. O-O Ne8 13. Bf4 c4 14. Be3 b5 15. axb5 axb5 16. Bd4 Bxd4+ 17. Qxd4 Nc5 18. Rad1 Qf6 19. Qe3 b4 20. Nb1 Ba6 21. Nd2 c3 22. bxc3 bxc3 23. Bxa6 Nxa6 24. Nc4 Rb4 25. e5 dxe5 26. Qxc3 e4 27. Qc1 Nc5 28. Nxe4 Nxe4 29. fxe4 Qe7 30. d6 Qxe4 31. Rf4 Qa8 32. d7 Ng7 33. Ne5 Rxf4 34. Qxf4 Ne6 35. Qf6 Qd8 36. Qf2 Qg5 37. Nc6 Nd8 38. h4 Qg4 39. Rd4 Qe6 40. Nxd8 Rxd8 41. Qd2 h5 42. Rd6 1/2-1/2

[Event "AUT Bundesliga 2022-23"]
[Site "Jenbach"]
[Date "2022.11.05"]
[Round "3.8"]
[White "Prusikin, Michael"]
[Black "Schwabeneder, Florian"]
[Result "1-0"]
[ECO "E91"]
[WhiteElo "2517"]
[BlackElo "2414"]
[Annotator "ChessBase"]
[PlyCount "111"]
[EventDate "2022.11.03"]
[EventType "team-tourn"]
[EventCountry "AUT"]
[SourceTitle "playchess.com"]
[Source "ChessBase"]
[SourceQuality "1"]
[TimeControl "40/5400+30:1800+30"]

1. d4 Nf6 2. c4 g6 3. Nc3 Bg7 4. e4 d6 5. Nf3 O-O 6. Be2 Na6 7. h3 e5 8. d5 Nc5 9. Qc2 a5 10. Bg5 Bd7 11. Nd2 c6 12. O-O Qe8 13. Rab1 Rc8 14. b4 axb4 15. Rxb4 cxd5 16. cxd5 h6 17. Be3 Na4 18. Rc4 b5 19. Rxc8 Qxc8 20. Rc1 Nxc3 21. Qxc3 Qa6 22. Qb4 Ne8 23. Ra1 f5 24. f3 Nf6 25. a4 Ra8 26. Nb3 fxe4 27. axb5 Qxa1+ 28. Nxa1 Rxa1+ 29. Kh2 exf3 30. Bxf3 e4 31. Bxe4 Nxe4 32. Qxe4 Re1 33. b6 Be5+ 34. g3 Bf5 35. Qc4 Rb1 36. Bf4 Rb2+ 37. Kg1 Bxf4 38. Qxf4 Rxb6 39. g4 Bd7 40. Qxh6 Be8 41. Qg5 Kg7 42. h4 Bf7 43. h5 Rb7 44. hxg6 Bxg6 45. Qd8 Rb4 46. g5 Rf4 47. Qxd6 Rg4+ 48. Kf2 Rxg5 49. Qe7+ Kh6 50. d6 Bf5 51. Qf6+ Kh5 52. Kf3 Bg4+ 53. Kf4 Rg8 54. Qf7+ Rg6 55. Qh7+ Rh6 56. Qxh6+ 1-0

[Event "AUT Bundesliga 2022-23"]
[Site "Jenbach"]
[Date "2022.11.05"]
[Round "3.9"]
[White "Leisch, Lukas"]
[Black "Berchtenbreiter, Maximilian"]
[Result "1/2-1/2"]
[ECO "A10"]
[WhiteElo "2395"]
[BlackElo "2509"]
[Annotator "ChessBase"]
[PlyCount "89"]
[EventDate "2022.11.03"]
[EventType "team-tourn"]
[EventCountry "AUT"]
[SourceTitle "playchess.com"]
[Source "ChessBase"]
[SourceQuality "1"]
[TimeControl "40/5400+30:1800+30"]

1. c4 g6 2. d4 Bg7 3. e4 c6 4. Nf3 d5 5. cxd5 cxd5 6. e5 Bg4 7. Bb5+ Nc6 8. Nbd2 Rc8 9. h3 Bxf3 10. Bxc6+ Rxc6 11. Nxf3 Qa5+ 12. Bd2 Qa6 13. Qe2 Qxe2+ 14. Kxe2 e6 15. Rhc1 Ne7 16. Rxc6 Nxc6 17. Kd3 Kd7 18. Ne1 f6 19. f4 g5 20. exf6 Bxf6 21. Nc2 gxf4 22. Bxf4 h5 23. Rf1 Rg8 24. g3 Rg6 25. a3 e5 26. dxe5 Bxe5 27. Bxe5 Nxe5+ 28. Ke2 Rxg3 29. Rf5 Rg2+ 30. Kd1 Rg1+ 31. Ke2 Ng6 32. Rxd5+ Kc7 33. Rxh5 Nf4+ 34. Kf2 Rg2+ 35. Kf3 Rxc2 36. Kxf4 Rxb2 37. Rc5+ Kb6 38. Rc3 Ka5 39. h4 b5 40. h5 b4 41. axb4+ Rxb4+ 42. Kg5 Rb5+ 43. Kg6 Rb6+ 44. Kg7 Rb7+ 45. Kg6 1/2-1/2